 Dungeon Crawl Stone Soup version 0.19.1-1-g22dce08 (webtiles) character file.

1715 LORDOFBUTT the Covert (level 8, 0/36 HPs)
             Began as a Spriggan Enchanter on Dec 29, 2016.
             Was an Initiate of Gozag.
             Slain by an orc warrior (11 damage)
             ... on level 6 of the Dungeon.
             The game lasted 00:14:01 (7561 turns).

LORDOFBUTT the Covert (Spriggan Enchanter)          Turns: 7561, Time: 00:14:01

Health: 0/36       AC:  3    Str:  4    XL:     8   Next: 74%
Magic:  0/20       EV: 19    Int: 18    God:    Gozag
Gold:   872        SH:  0    Dex: 17    Spells: 4 memorised, 10 levels left

rFire  . . .     SeeInvis +     g - +0 dagger (speed)
rCold  + . .     Gourm    .     b - +1 robe
rNeg   . . .     Faith    .     (shield restricted)
rPois  .         Spirit   .     (helmet restricted)
rElec  .         Reflect  .     (no cloak)
rCorr  .         Harm     .     (gloves unavailable)
MR     +....                    (boots unavailable)
Stlth  +++++.....               (no amulet)
                                x - ring of protection from cold
                                f - +1 ring of evasion

@: very slightly contaminated, very quick
A: unfitting armour, see invisible, herbivore 3, speed 3, slow metabolism 2
a: Potion Petition, Call Merchant, Bribe Branch, Renounce Religion


You were on level 6 of the Dungeon.
You worshipped Gozag.
Gozag was pleased with you.
You were not hungry.

You visited 2 branches of the dungeon, and saw 7 of its levels.

You collected 955 gold pieces.
You paid 83 gold pieces to Gozag.

Inventory:

Hand Weapons
 a - a +1 dagger
 g - a +0 dagger of speed (weapon)
Armour
 b - a +1 robe (worn)
Jewellery
 f - a +1 ring of evasion (left hand)
 x - a ring of protection from cold (right hand)
Wands
 m - a wand of acid (2/15)
 s - a wand of disintegration (8/24)
 v - a wand of disintegration (10/24)
 y - a wand of iceblast (4/15)
Scrolls
 h - 2 scrolls of magic mapping
 j - 3 scrolls of random uselessness
 k - a scroll of immolation
 l - 2 scrolls of recharging
 p - 2 scrolls of enchant armour
 t - 3 scrolls of teleportation
 B - a scroll of identify
Potions
 e - 2 potions of brilliance {unknown}
 i - a potion of magic {unknown}
 n - 2 potions of heal wounds {unknown}
 q - 3 potions of degeneration
 r - 3 potions of flight
 u - a potion of cure mutation {unknown}
 w - a potion of lignification {unknown}
 z - a potion of beneficial mutation {unknown}
 A - a potion of ambrosia {unknown}
Books
 c - a book of Maledictions

   Spells                             Type                      Level
   a - Corona                         Hexes                        1
   b - Ensorcelled Hibernation        Hexes/Ice                    2
   c - Confuse                        Hexes                        3
   d - Tukima's Dance                 Hexes                        3
   e - Dazzling Spray                 Conjuration/Hexes            3
Comestibles
 d - 6 bread rations
 o - a royal jelly


   Skills:
 - Level 1.1 Short Blades
 - Level 3.0 Dodging
 * Level 12.5 Stealth
 + Level 7.3 Spellcasting
 + Level 7.6 Hexes


You had 10 spell levels left.
You knew the following spells:

 Your Spells              Type           Power        Failure   Level  Hunger
a - Dazzling Spray        Conj/Hex       ###...       10%         3    #......
b - Ensorcelled Hibernat  Hex/Ice        ###...       3%          2    None
c - Confuse               Hex            ####....     1%          3    #......
d - Tukima's Dance        Hex            ####....     1%          3    #......


Dungeon Overview and Level Annotations

Branches:
Dungeon (6/15)             Temple (1/1) D:4

Altars:
Ashenzari
Cheibriados
Dithmenos
Elyvilon
Fedhas
Gozag
Hepliaklqana
Kikubaaqudgha
Makhleb
Nemelex Xobeh
Okawaru
Qazlal
Ru
Sif Muna
Trog
Uskayaw
Vehumet
Xom
Yredelemnul
Zin
The Shining One
Beogh

Shops:
D:4 *:   D:6 [


Innate Abilities, Weirdness & Mutations

You are very small and have problems with some larger weapons.
You are too small for most types of armour.
You have supernaturally acute eyesight. (SInv)
You are a herbivore.
You cover ground extremely quickly.
You need consume almost no food.


Message History

Confirm with . or Enter, or press ? or * to list all spells.
Aiming: Ensorcelled Hibernation
Press: ? - help, Shift-Dir - straight line, f/p - orc warrior
Aim: an orc warrior, wearing a plate armour (chance to defeat MR: 50%)
The orc warrior resists with some effort.
Your war axe hits the orc warrior but does no damage.
The orc warrior barely misses you.
You hit the orc warrior but do no damage.
You hit the orc warrior but do no damage.
The orc warrior misses you.
Your war axe hits the orc warrior.
You barely miss the orc warrior.
The orc warrior is lightly wounded.
The orc warrior closely misses you.
You hit the orc warrior but do no damage.
The orc warrior is lightly wounded.
You hit the orc warrior but do no damage.
The orc warrior is lightly wounded.
The orc warrior hits you!
You die...
Your body crumbles into a pile of gold.

...'.......# #.#.....##.# #.##
####.......# #.#.....##.# #.##
####.......######.#####.##.# #.##
...####.####........# #..#.# #.##
...# #.####........# ##.#.###.##
...####.#<##....)...# #.#.......
...).)..........($..####..####.##
...####.#.##....o................
...............$@.'#..###..###.##
...###.......#....##..#..........
)..###....(.(.....##..#..........
.....#..#.#####...##..#..........
)#####..#.............####..##.##
..## #..############..#.....##.#
).8# #.## #..#.....##.# ...###.#
#..#......#.# ....##.#
#..#....#.#.#


You could see an orc warrior and a friendly war axe.

Vanquished Creatures
  The ghost of LORDOFBUTT the Covert, a novice SpEn of Gozag (D:5)
  A steam dragon (D:6)
  An ice beast (D:5)
  A phantom (D:5)
  2 sky beasts
  A centaur (D:6)
  A bullfrog (D:6)
  A gnoll sergeant (D:6)
  A scorpion (D:5)
  A howler monkey (D:4)
  3 crimson imps
  3 orc priests
  2 hounds (D:4)
  3 orc wizards (D:6)
  4 worker ants
  A howler monkey skeleton (D:6)
  5 gnolls (D:6)
  7 adders
  A river rat (D:6)
  2 shadow imps
  2 oozes (D:2)
  A worm (D:3)
  2 dart slugs
  3 leopard geckos
  30 orcs
  3 ball pythons
  9 giant cockroaches
  7 goblins
  8 hobgoblins
  15 jackals
  3 quokkas
  5 bats
  2 frilled lizards (D:2)
  A jackal zombie (D:6)
  4 kobolds
  12 rats
149 creatures vanquished.

Vanquished Creatures (collateral kills)
  3 orcs (D:6)
3 creatures vanquished.

Vanquished Creatures (others)
  5 dancing weapons
5 creatures vanquished.

Grand Total: 157 creatures vanquished

Notes
Turn   | Place    | Note
-------+----------+-------------------------------------------
     0 | D:1      | LORDOFBUTT the Spriggan Enchanter began the quest for the Orb.
     0 | D:1      | Reached XP level 1. HP: 9/9 MP: 5/5
    66 | D:1      | Reached skill level 5 in Stealth
   123 | D:1      | Reached XP level 2. HP: 13/13 MP: 6/6
   127 | D:1      | Learned a level 2 spell: Ensorcelled Hibernation
   900 | D:2      | Reached XP level 3. HP: 16/16 MP: 3/8
  1768 | D:2      | Reached skill level 6 in Stealth
  2016 | D:2      | Reached XP level 4. HP: 21/21 MP: 10/10
  2037 | D:3      | Found a snail-covered altar of Cheibriados.
  2499 | D:4      | Found Dukk's General Store.
  2513 | D:4      | Found Zacwuba's Book Emporium.
  2641 | D:4      | Found a staircase to the Ecumenical Temple.
  2721 | D:4      | Reached XP level 5. HP: 7/24 MP: 5/12
  2724 | D:4      | Reached skill level 7 in Stealth
  3228 | D:4      | Reached skill level 5 in Hexes
  3285 | D:4      | Reached XP level 6. HP: 28/28 MP: 13/13
  3450 | D:5      | Entered Level 5 of the Dungeon
  3469 | Temple   | Entered the Ecumenical Temple
  3635 | Temple   | Became a worshipper of Gozag Ym Sagoz the Greedy
  3711 | D:5      | Reached skill level 8 in Stealth
  3740 | D:5      | Noticed LORDOFBUTT's ghost (novice SpEn)
  3759 | D:4      | Learned a level 3 spell: Confuse
  3763 | D:4      | Learned a level 3 spell: Tukima's Dance
  3778 | D:5      | Killed LORDOFBUTT's ghost
  3778 | D:5      | Reached skill level 9 in Stealth
  3778 | D:5      | Reached skill level 5 in Spellcasting
  3811 | D:5      | HP: 1/28 [orc priest/divine providence (8)]
  3813 | D:5      | Reached XP level 7. HP: 28/32 MP: 15/15
  3830 | D:5      | Found a shadowy altar of Dithmenos.
  4232 | D:5      | Reached skill level 10 in Stealth
  5226 | D:6      | Reached skill level 11 in Stealth
  5226 | D:6      | Reached XP level 8. HP: 36/36 MP: 18/18
  5266 | D:6      | Found Gufurchu's Armour Boutique.
  5564 | D:6      | Found a deep blue altar of Sif Muna.
  5691 | D:6      | Found a runed door.
  6039 | D:6      | Reached skill level 12 in Stealth
  6993 | D:6      | HP: 1/36 [orc wizard/magic dart (9)]
  7262 | D:6      | Found a roughly hewn altar of Beogh.
  7319 | D:6      | Learned a level 3 spell: Dazzling Spray
  7561 | D:6      | Slain by an orc warrior

Skill      XL: |  1  2  3  4  5  6  7  8 |
---------------+-------------------------+-----
Stealth        | 5 6 7 9 11 12 | 12.5
Hexes          | 4 5 6 7 |  7.6
Spellcasting   | 3 4 5 6 7 |  7.3
Short Blades   | |  1.1
Dodging        | |  3.0

Action                   |  1- 3 |  4- 6 |  7- 9 || total
-------------------------+-------+-------+-------++-------
Melee: Dagger            |   219 |    89 |   277 ||   585
 Cast: Ensorcelled Hiber |     4 |    24 |    77 ||   105
       Confuse           |       |     2 |    16 ||    18
       Tukima's Dance    |       |       |    17 ||    17
Invok: Potion Petition   |       |     1 |       ||     1
  Use: Scroll            |       |     8 |     5 ||    13
       Potion            |       |     1 |     2 ||     3
 Stab: Sleeping          |    11 |    22 |    47 ||    80
       Distracted        |       |     2 |     2 ||     4
       Confused          |       |     2 |     9 ||    11
  Eat: Fruit             |       |     5 |       ||     5
       Pizza             |       |     1 |       ||     1
Armor: Robe              |    29 |     8 |    33 ||    70
Dodge: Dodged            |   174 |    74 |   289 ||   537
